[Event "Team 45 45 League T34"]
[Site "Internet Chess Club"]
[Date "2007.08.13"]
[Round "4"]
[White "chickenhead"]
[Black "Zornorph"]
[Result "0-1"]
[WhiteElo "1906"]
[BlackElo "2003"]
[Opening "English: symmetrical, main line with d4"]
[ECO "A39"]
[Time "16:05:01"]
[TimeControl "2700+45"]

1. c4 c5 2. Nf3 Nf6 3. Nc3 Nc6 4. g3 g6 5. Bg2 Bg7 6. O-O O-O 7. d4 cxd4 8. Nxd4
Nxd4 9. Qxd4 d6 10. e4 Be6 11. Bd2 Ng4 12. Qd3 Ne5 13. Qc2 Nxc4 14. Bg5 h6 15.
Bf4 Qa5 16. Rad1 Nxb2 17. Qxb2 Bxc3 18. Qxb7 Bf6 19. e5 Rab8 20. Qf3 Bxe5 21.
Bxh6 Rfc8 22. Rc1 Qxa2 23. Rxc8+ Rxc8 24. Qb7 Bf6 25. g4 Bxg4 26. Bd5 Qa4 27.
Re1 Qd7 28. Qb3 e6 29. Bg2 d5 30. Qa2 Bf5 31. Qa3 Kh7 32. Be3 d4 33. Rd1 Bc2
{White resigns} 0-1

[Event "Team 45 45 League T34"]
[Site "Internet Chess Club"]
[Date "2007.08.09"]
[Round "4"]
[White "kabindra"]
[Black "VanillaQueen"]
[Result "1-0"]
[WhiteElo "1709"]
[BlackElo "1812"]
[Opening "Scandinavian (center counter) defense"]
[ECO "B01"]
[Time "11:30:20"]
[TimeControl "2700+45"]

1. e4 d5 2. exd5 Qxd5 3. Nc3 Qa5 4. d4 c6 5. Nf3 Nf6 6. Bd2 Bf5 7. Ne4 Qc7 8.
Nxf6+ gxf6 9. Bc4 e6 10. Bb3 Nd7 11. Qe2 O-O-O 12. O-O-O Bd6 13. h3 Bf4 14. Nh4
Bg6 15. Nxg6 hxg6 16. Kb1 Rh5 17. g4 Rh4 18. Bb4 Bd6 19. Bc3 Rdh8 20. Qf3 R4h7
21. Qg2 Bf4 22. Rd3 g5 23. Bb4 Nb6 24. c4 Rd8 25. Rhd1 Rdh8 26. Ba5 Qe7 27. d5
exd5 28. cxd5 c5 29. Bxb6 axb6 30. d6 Qd7 31. Bd5 Bxd6 32. Be4 Rd8 33. Bf5
{Black resigns} 1-0

[Event "Team 45 45 League T34"]
[Site "Internet Chess Club"]
[Date "2007.08.09"]
[Round "4"]
[White "Lazerpawn"]
[Black "jaybird"]
[Result "1/2-1/2"]
[WhiteElo "1668"]
[BlackElo "1638"]
[Opening "Sicilian: Grand Prix attack"]
[ECO "B21"]
[Time "21:03:23"]
[TimeControl "2700+45"]

1. e4 c5 2. f4 d5 3. Nc3 dxe4 4. Nxe4 e6 5. Nf3 Nf6 6. Nf2 Be7 7. Be2 O-O 8. b3
Qc7 9. Ne5 Nbd7 10. Bb2 Nxe5 11. fxe5 Nd5 12. O-O f5 13. Nh3 b6 14. Nf4 Nxf4 15.
Rxf4 Bg5 16. Rf1 Bb7 17. Bf3 Bxf3 18. Rxf3 Rad8 19. d3 Rf7 20. Qe2 Be7 21. a3 g5
22. g4 f4 23. Qe4 Bf8 24. Rd1 Rfd7 25. Kf2 Qb7 26. Qe2 Rf7 27. Qd2 Rfd7 28. h4
h6 29. Rh1 Rh7 30. hxg5 hxg5 31. Qe1 Rdd7 32. Ke2 Rxh1 33. Qxh1 Rh7 34. Qg2 Bg7
35. Kd2 Rh2 36. Qxh2 Qxf3 37. Qh5 Qe3+ 38. Kd1 f3 39. Qe8+ Kh7 40. Qh5+ Kg8 41.
Qe8+ Kh7 {Game drawn by mutual agreement} 1/2-1/2

[Event "Team 45 45 League T34"]
[Site "Internet Chess Club"]
[Date "2007.08.09"]
[Round "4"]
[White "tammany"]
[Black "mrmarck"]
[Result "1-0"]
[WhiteElo "1763"]
[BlackElo "1334"]
[Opening "Scandinavian (center counter) defense"]
[ECO "B01"]
[Time "14:59:49"]
[TimeControl "2700+45"]

1. e4 d5 2. exd5 Qxd5 3. Nc3 Qa5 4. d4 Nf6 5. Bd2 e6 6. Ne4 Qf5 7. Ng3 Qg6 8. h3
Bd6 9. Bd3 Qxg3 10. fxg3 Bxg3+ 11. Kf1 Nd5 12. Ne2 Bd6 13. c4 Nf6 14. Bg5 Nbd7
15. Qa4 c6 16. Ke1 O-O 17. c5 b5 18. cxb6 Nxb6 19. Qxc6 Bb4+ 20. Bd2 Bd7 21. Qf3
Nbd5 22. Bxb4 Nxb4 23. a3 Bc6 24. Qe3 Bxg2 25. axb4 Bxh1 26. Kd2 Bd5 27. Rg1
Rab8 28. Rxg7+ Kxg7 29. Qg5+ Kh8 30. Qxf6+ Kg8 31. Nf4 Rxb4 32. Nh5 Rxb2+ 33.
Bc2 Rxc2+ 34. Kxc2 Rc8+ 35. Kd2 Kf8 36. Qh8+ {Black resigns} 1-0

[Event "Team 45 45 League T34"]
[Site "Internet Chess Club"]
[Date "2007.08.11"]
[Round "4"]
[White "CLH"]
[Black "gong"]
[Result "1-0"]
[WhiteElo "1931"]
[BlackElo "1794"]
[Opening "Sicilian: Canal-Sokolsky (Nimzovich-Rossolimo, Moscow) attack"]
[ECO "B51"]
[Time "14:08:35"]
[TimeControl "2700+45"]

1. e4 c5 2. Nf3 d6 3. Bb5+ Nc6 4. O-O a6 5. Bxc6+ bxc6 6. c3 e5 7. Re1 Bg4 8. d3
Be7 9. Nbd2 Nf6 10. Nf1 O-O 11. Ng3 Qd7 12. h3 Bxf3 13. Qxf3 Rab8 14. Nf5 Bd8
15. d4 cxd4 16. cxd4 exd4 17. Nxd4 c5 18. Nf5 Bc7 19. Bg5 Qe6 20. Re2 Rb5 21. b3
Nd7 22. Rd1 Ne5 23. Qc3 f6 24. Bf4 Rd8 25. Ne3 Kf7 26. Nd5 Ba5 27. Qc2 Rb7 28.
Bd2 Bxd2 29. Rexd2 Nc6 30. Nf4 Qe7 31. Qc4+ Kf8 32. Ne6+ Ke8 33. Nxd8 Kxd8 34.
Rxd6+ {Black resigns} 1-0

[Event "Team 45 45 League T34"]
[Site "Internet Chess Club"]
[Date "2007.08.12"]
[Round "4"]
[White "Izeelden"]
[Black "FiendAngelical"]
[Result "0-1"]
[WhiteElo "1758"]
[BlackElo "1844"]
[Opening "Sicilian defense"]
[ECO "B30"]
[Time "16:08:38"]
[TimeControl "2700+45"]

1. e4 c5 2. Nf3 Nc6 3. c3 Nf6 4. e5 Nd5 5. c4 Nb6 6. d4 cxd4 7. Nxd4 Nxe5 8. c5
Nd5 9. Bb5 a6 10. Ba4 Qa5+ 11. Bd2 Qxc5 12. Bc3 b5 13. Bb3 b4 14. Bxd5 Qxd5 15.
Bxb4 Qxg2 16. Rf1 Qe4+ 17. Ne2 Nf3# {White checkmated} 0-1

[Event "Team 45 45 League T34"]
[Site "Internet Chess Club"]
[Date "2007.08.11"]
[Round "4"]
[White "WARRIOR"]
[Black "SATELLITE-DAN"]
[Result "1-0"]
[WhiteElo "1680"]
[BlackElo "1594"]
[Opening "QGD semi-Slav: Meran, Wade variation"]
[ECO "D47"]
[Time "09:59:34"]
[TimeControl "2700+45"]

1. d4 Nf6 2. c4 e6 3. Nc3 d5 4. e3 c6 5. Bd3 Nbd7 6. Nf3 dxc4 7. Bxc4 b5 8. Bd3
Bb7 9. O-O a6 10. a3 c5 11. Bd2 cxd4 12. exd4 Bd6 13. Bg5 O-O 14. Rc1 Rc8 15.
Bb1 h6 16. Bh4 Kh8 17. Re1 Be7 18. Qd3 g6 19. Bg3 Rg8 20. Ne5 Nxe5 21. Bxe5 Bd6
22. Qh3 Kh7 23. Qe3 Ng4 24. Qf4 Bxe5 25. dxe5 Rc4 26. Qxf7+ Rg7 27. Bxg6+ Kh8
28. Qxe6 Rc6 29. Qe8+ Qxe8 30. Bxe8 Re6 31. Bh5 Nxe5 32. Rcd1 Rxg2+ 33. Kf1 Rg8
34. f4 Rf8 35. Ne2 Nc4 36. Kf2 Nxb2 37. Rd7 Bc8 38. Rd2 Nc4 39. Rd3 Ref6 40. Kg3
Rg8+ 41. Kh4 Nd6 42. Bf3 Nf5+ 43. Kh5 Ng7+ 44. Kh4 Nf5+ 45. Kh5 Be6 46. Bd5 Ng7+
47. Kh4 Nf5+ 48. Kh3 Rd8 49. Nc3 Bc8 50. Kg2 Rg6+ 51. Kf2 Nh4 52. Be4 Rxd3 53.
Bxd3 Rg2+ 54. Ke3 Rxh2 55. Be4 Nf5+ 56. Bxf5 Bxf5 57. Nd5 Rh3+ 58. Kd4 Rxa3 59.
Ke5 Bg4 60. Kf6 Bh5 61. Rg1 Rd3 62. Ke5 Bf7 63. Ne7 Rf3 64. f5 Kh7 65. Kf6 Rxf5+
66. Nxf5 {Black resigns} 1-0

[Event "Team 45 45 League T34"]
[Site "Internet Chess Club"]
[Date "2007.08.12"]
[Round "4"]
[White "Konstantinos"]
[Black "NJKnight"]
[Result "1/2-1/2"]
[WhiteElo "1587"]
[BlackElo "1554"]
[Opening "French defense"]
[ECO "C00"]
[Time "12:03:54"]
[TimeControl "2700+45"]

1. e4 e6 2. Nf3 d5 3. exd5 exd5 4. d4 Nf6 5. h3 Be7 6. Nc3 Bf5 7. Bd3 Bxd3 8.
Qxd3 O-O 9. O-O Nc6 10. Ne5 Qd6 11. Re1 Rfe8 12. Nb5 Nb4 13. Qb3 Qb6 14. Na3
Rad8 15. c3 Nc6 16. Qxb6 axb6 17. Nb5 Rc8 18. Bf4 Nxe5 19. Bxe5 c6 20. Bxf6 gxf6
21. Na3 Bxa3 22. bxa3 Ra8 23. Rxe8+ Rxe8 24. Rb1 b5 25. Kf1 Ra8 26. Rb3 Kf8 27.
Ke2 Ke7 28. Kf3 Ke6 29. Kf4 f5 30. g3 Kf6 31. h4 h5 32. Kf3 Kg6 {Game drawn by
mutual agreement} 1/2-1/2

[Event "Team 45 45 League T34"]
[Site "Internet Chess Club"]
[Date "2007.08.13"]
[Round "4"]
[White "Guinness"]
[Black "vaibhav"]
[Result "0-1"]
[WhiteElo "2242"]
[BlackElo "2378"]
[Opening "Sicilian: Grand Prix attack"]
[ECO "B23"]
[Time "10:05:22"]
[TimeControl "2700+45"]

1. e4 c5 2. Nc3 Nc6 3. f4 g6 4. Nf3 Bg7 5. Bb5 Nd4 6. Bc4 e6 7. e5 d6 8. O-O
Nxf3+ 9. Qxf3 d5 10. Bb5+ Bd7 11. Bxd7+ Qxd7 12. d4 cxd4 13. Ne2 Ne7 14. Nxd4
O-O 15. Be3 Nc6 16. Rad1 Rac8 17. c3 b6 18. Qe2 Nxd4 19. Bxd4 Qc6 20. b3 f6 21.
exf6 Bxf6 22. g3 Kg7 23. Rfe1 Bxd4+ 24. cxd4 Rfe8 25. Qe5+ Kf7 26. Re2 Qc7 27.
Qg5 Qe7 28. Qh6 Kg8 29. Rde1 Rc6 30. Qh3 Qb4 31. Rd1 b5 32. Qg4 Kg7 33. Qg5 Qf8
34. g4 Qf6 35. Qe5 Qxe5 36. Rxe5 Rf8 37. Rf1 b4 38. Rf2 Rc1+ 39. Kg2 Rd1 40.
Rxe6 Rxd4 41. Ra6 Rf7 42. Kg3 Rc7 43. Rf3 Rd1 44. f5 g5 45. Kg2 d4 46. f6+ Kf7
47. h4 gxh4 48. Rf5 Rd3 49. g5 h3+ 50. Kg1 Rc1+ 51. Kf2 h2 52. Rxa7+ Kg6 53. f7
Rc2+ {White resigns} 0-1

[Event "Team 45 45 League T34"]
[Site "Internet Chess Club"]
[Date "2007.08.12"]
[Round "4"]
[White "Allessia"]
[Black "LeSacAttack"]
[Result "1/2-1/2"]
[WhiteElo "2221"]
[BlackElo "2201"]
[Opening "Two knights defense (Modern bishop's opening)"]
[ECO "C55"]
[Time "15:35:41"]
[TimeControl "2700+45"]

1. e4 e5 2. Nf3 Nc6 3. Bc4 Nf6 4. d3 d5 5. exd5 Nxd5 6. Nc3 Nxc3 7. bxc3 Be7 8.
O-O O-O 9. h3 Qd6 10. Re1 Qg6 11. Nxe5 Nxe5 12. Rxe5 Bxh3 13. Bd5 Bf6 14. Be4
Qg4 15. Qxg4 Bxg4 16. Rc5 c6 17. Rb1 Be7 18. Rc4 Bc8 19. Be3 f5 20. Bf3 g5 21.
Bc5 Bxc5 22. Rxc5 g4 23. Be2 Re8 24. Kf1 Re7 25. a3 Be6 26. Re5 Rae8 27. d4 Kg7
28. Bd3 Bc8 29. Rxe7+ Rxe7 30. c4 f4 31. d5 Re5 32. dxc6 bxc6 33. Rb8 Ba6 34.
Rd8 Re7 35. Rd6 Rc7 36. c5 Bxd3+ {Game drawn by mutual agreement} 1/2-1/2

[Event "Team 45 45 League T34"]
[Site "Internet Chess Club"]
[Date "2007.08.12"]
[Round "4"]
[White "SaltofLife"]
[Black "Ozgur-Bjk"]
[Result "0-1"]
[WhiteElo "2040"]
[BlackElo "2169"]
[Opening "Sicilian: dragon, Yugoslav attack, Rauser variation"]
[ECO "B76"]
[Time "04:00:32"]
[TimeControl "2700+45"]

1. e4 c5 2. Nf3 d6 3. d4 cxd4 4. Nxd4 Nf6 5. Nc3 g6 6. Be3 Bg7 7. f3 Nc6 8. Qd2
O-O 9. O-O-O d5 10. exd5 Nxd5 11. Nxc6 bxc6 12. Bd4 e5 13. Bc5 Be6 14. Ne4 Rb8
15. Bc4 a5 16. g4 f5 17. Bxf8 Qxf8 18. gxf5 gxf5 19. Ng5 e4 20. Bb3 Qf6 21. c3
e3 22. Qg2 Rxb3 23. axb3 Nf4 24. Nxe6 Nxg2 25. Nxg7 e2 26. Rd7 e1=R+ 27. Rxe1
Nxe1 28. Ne8 Qe6 29. Rd8 Qe2 30. Nd6+ Kg7 31. Nxf5+ Kg6 {White resigns} 0-1

[Event "Team 45 45 League T34"]
[Site "Internet Chess Club"]
[Date "2007.08.11"]
[Round "4"]
[White "zoneblitz"]
[Black "JimGrange"]
[Result "1-0"]
[WhiteElo "2081"]
[BlackElo "1892"]
[Opening "Ruy Lopez: Morphy defense"]
[ECO "C77"]
[Time "13:53:43"]
[TimeControl "2700+45"]

1. e4 e5 2. Nf3 Nc6 3. Bb5 a6 4. Ba4 Nf6 5. d4 exd4 6. O-O Be7 7. e5 Ne4 8. Nxd4
O-O 9. Re1 Nc5 10. Bxc6 dxc6 11. Nc3 Re8 12. Be3 Bf8 13. f4 Ne6 14. Nf3 Bb4 15.
Qe2 Bxc3 16. bxc3 b6 17. f5 Nf8 18. Bg5 Qd5 19. c4 Qc5+ 20. Be3 Qe7 21. Qd3 c5
22. Rad1 Bb7 23. Bg5 f6 24. exf6 Qf7 25. Re7 {Black resigns} 1-0

[Event "Team 45 45 League T34"]
[Site "Internet Chess Club"]
[Date "2007.08.13"]
[Round "4"]
[White "nardz"]
[Black "JustinSane"]
[Result "1-0"]
[WhiteElo "2134"]
[BlackElo "2124"]
[Opening "Benoni: Taimanov variation"]
[ECO "A67"]
[Time "18:58:21"]
[TimeControl "2700+45"]

1. d4 Nf6 2. c4 c5 3. d5 e6 4. Nc3 exd5 5. cxd5 d6 6. e4 g6 7. f4 Bg7 8. Bb5+
Nfd7 9. a4 a6 10. Be2 Qh4+ 11. g3 Qd8 12. Nf3 O-O 13. O-O Nf6 14. Kg2 Bg4 15. h3
Bxf3+ 16. Bxf3 Nbd7 17. Re1 Ne8 18. Qe2 Nc7 19. Bd2 Rb8 20. a5 b6 21. axb6 Rxb6
22. Na4 Rb7 23. Bc3 f6 24. Qc4 Nb5 25. Re2 Qb8 26. Bg4 f5 27. exf5 gxf5 28. Bxg7
Kxg7 29. Re7+ Kg8 30. Qd3 Nd4 31. Rae1 Rb3 32. Qb1 Qb7 33. Kh2 Qb5 34. Bd1 Qxa4
35. Bxb3 Nxb3 36. Qd1 Nf6 37. Rb7 c4 38. Ree7 Re8 39. Rg7+ Kh8 40. Rxh7+ Kg8 41.
Rbg7+ Kf8 42. Rf7+ Kg8 43. Rxf6 Nc5 44. Rh8+ Kg7 45. Rf7+ Kxf7 46. Qh5+ Kf6 47.
Qg5+ Kf7 48. Rh7+ Kf8 49. Qg7# {Black checkmated} 1-0

[Event "Team 45 45 League T34"]
[Site "Internet Chess Club"]
[Date "2007.08.13"]
[Round "4"]
[White "eurander"]
[Black "mitus"]
[Result "1-0"]
[WhiteElo "2126"]
[BlackElo "1878"]
[Opening "Bogo-Indian defense, Nimzovich variation"]
[ECO "E11"]
[Time "14:00:14"]
[TimeControl "2700+45"]

1. d4 Nf6 2. c4 e6 3. Nf3 Bb4+ 4. Bd2 Qe7 5. Nc3 Nc6 6. e3 Bxc3 7. Bxc3 Ne4 8.
Qc2 Nxc3 9. Qxc3 Qb4 10. Rc1 Qxc3+ 11. Rxc3 d6 12. c5 Bd7 13. Bb5 Na5 14. Bd3 d5
15. Ke2 Nc6 16. a3 f6 17. b4 a6 18. e4 Ne7 19. Re1 dxe4 20. Bxe4 Nd5 21. Bxd5
exd5 22. Kd2+ Kf7 23. Rce3 Rhe8 24. Rxe8 Rxe8 25. Rxe8 Bxe8 26. Ke3 b6 27. Nd2
bxc5 28. dxc5 Bb5 29. Kd4 c6 30. Nb3 Ke6 31. Ke3 g6 32. Nd4+ Ke7 33. Kf4 Kf7 34.
h4 Ke7 35. Kg4 h5+ 36. Kf4 Kd7 37. f3 Ke7 38. g3 Kf7 39. g4 Ba4 40. Ne2 Bc2 41.
gxh5 gxh5 42. Nd4 Ba4 43. Nf5 Bb5 44. Ne3 d4 45. Nf5 d3 46. Ke3 Kg6 47. Nd6 Kg7
48. Nxb5 axb5 49. Kxd3 Kf7 50. Ke4 Ke6 51. Kf4 Ke7 52. Kf5 {Black resigns} 1-0

[Event "Team 45 45 League T34"]
[Site "Internet Chess Club"]
[Date "2007.08.10"]
[Round "4"]
[White "siddhu"]
[Black "livis"]
[Result "0-1"]
[WhiteElo "1796"]
[BlackElo "2035"]
[Opening "French: exchange variation"]
[ECO "C01"]
[Time "13:02:03"]
[TimeControl "2700+45"]

1. e4 e6 2. d4 d5 3. exd5 exd5 4. Bd3 h6 5. h3 Nf6 6. Nf3 Be7 7. O-O Be6 8. Bf4
Bd6 9. Qd2 Nc6 10. c3 a6 11. Re1 Qd7 12. b4 Bxf4 13. Qxf4 O-O 14. Nbd2 Rae8 15.
Nb3 Qd6 16. Qxd6 cxd6 17. Nh4 Nh5 18. Bf5 g5 19. Bxe6 fxe6 20. Nf3 Nf4 21. Re3
Rf6 22. Rae1 Kf7 23. a4 Rg8 24. Kh2 g4 25. hxg4 Rxg4 26. g3 Nh5 27. Nbd2 Rg8 28.
R3e2 Ke7 29. Ng1 Kd7 30. Nh3 b5 31. a5 Ne7 32. Re3 Rgf8 33. Kg2 Ng6 34. Rf3 e5
35. Rxf6 Rxf6 36. Re3 Ng7 37. g4 Ne6 38. dxe5 dxe5 39. Nf3 Kd6 40. g5 hxg5 41.
Nhxg5 e4 42. Nxe6 exf3+ 43. Rxf3 Rxe6 44. Re3 Rxe3 45. fxe3 Ke5 46. Kf3 Nh4+ 47.
Kf2 Ke4 48. Ke2 Nf5 {White resigns} 0-1

[Event "Team 45 45 League T34"]
[Site "Internet Chess Club"]
[Date "2007.08.09"]
[Round "4"]
[White "DeLaSalle"]
[Black "makito"]
[Result "1-0"]
[WhiteElo "2137"]
[BlackElo "1753"]
[Opening "King's Indian: London system"]
[ECO "A48"]
[Time "13:00:51"]
[TimeControl "2700+45"]

1. d4 Nf6 2. Nf3 g6 3. Bf4 Bg7 4. e3 c6 5. c3 O-O 6. Be2 d6 7. O-O Nh5 8. Bg5
Be6 9. Nbd2 f5 10. e4 fxe4 11. Nxe4 Nf6 12. Bd3 Nbd7 13. Qe2 Nxe4 14. Bxe4 Bg4
15. Bxe7 Qxe7 16. Bd5+ Be6 17. Qxe6+ Qxe6 18. Bxe6+ Rf7 19. Bxf7+ Kxf7 20. Rfe1
h6 21. Re2 Re8 22. Rxe8 Kxe8 23. Re1+ Kf7 24. Nd2 b5 25. Ne4 Bf8 26. f4 Nb6 27.
Kf2 Nd5 28. Kf3 Be7 29. g4 Nc7 30. Ng3 d5 31. f5 g5 32. Nh1 Bd6 33. h3 Ne8 34.
Nf2 Nf6 35. Nd3 Nd7 36. Re6 Bf8 37. Rxc6 Ke7 38. Ne5 Bg7 39. Nxd7 Kxd7 40. Ra6
Bf8 41. Rxa7+ Kc6 42. a4 b4 43. cxb4 Bxb4 44. Ra6+ Kb7 45. Rxh6 {Black resigns}
1-0

[Event "Team 45 45 League T34"]
[Site "Internet Chess Club"]
[Date "2007.08.13"]
[Round "4"]
[White "mito"]
[Black "WesleyCrusher"]
[Result "0-1"]
[WhiteElo "2126"]
[BlackElo "2124"]
[Opening "Nimzo-Indian: three knights variation"]
[ECO "E21"]
[Time "15:06:50"]
[TimeControl "2700+45"]

1. d4 Nf6 2. Nf3 e6 3. c4 Bb4+ 4. Nc3 Bxc3+ 5. bxc3 O-O 6. Bg5 d5 7. e3 dxc4 8.
Bxc4 c5 9. O-O Nc6 10. Re1 b6 11. e4 Qc7 12. Bxf6 gxf6 13. d5 Rd8 14. Qc1 Ne5
15. Qf4 Nxf3+ 16. Qxf3 Qe5 17. Rac1 Bd7 18. Qg4+ Qg5 19. Qxg5+ fxg5 20. e5 exd5
21. Bxd5 Rac8 22. Re3 Bc6 23. Bxc6 Rxc6 24. Rce1 Rd2 25. R3e2 Rd3 26. Re3 c4 27.
Kf1 Rxe3 28. Rxe3 Kf8 29. Ke2 Ke7 30. Kd2 Rc5 31. Rh3 Rxe5 32. Rxh7 Ra5 33. Rh6
Rxa2+ 34. Ke3 Rc2 35. Rc6 Rxc3+ 36. Kd2 Rd3+ 37. Ke2 Rd5 38. Rxc4 a5 39. g3 Kd6
40. h4 gxh4 41. gxh4 b5 42. Rc3 b4 43. Rh3 Ke7 44. h5 Kf8 45. h6 Kg8 46. Rg3+
Kh8 47. Rg7 Rd7 48. Rg5 a4 49. Rg4 Rb7 50. Kd3 b3 51. Rg1 a3 52. Kc3 b2 {White
resigns} 0-1

[Event "Team 45 45 League T34"]
[Site "Internet Chess Club"]
[Date "2007.08.10"]
[Round "4"]
[White "Amauta"]
[Black "Capamuerte"]
[Result "1-0"]
[WhiteElo "1983"]
[BlackElo "1972"]
[Opening "Sicilian: O'Kelly variation"]
[ECO "B28"]
[Time "21:43:21"]
[TimeControl "2700+45"]

1. e4 c5 2. Nf3 a6 3. d4 d6 4. dxc5 Nf6 5. e5 Nfd7 6. e6 fxe6 7. cxd6 exd6 8.
Bg5 Be7 9. Bxe7 Qxe7 10. Bd3 Nc6 11. c3 b5 12. Qc2 Bb7 13. Bxh7 O-O-O 14. Nbd2
Nf6 15. Bd3 Nd5 16. O-O-O b4 17. Ne4 a5 18. Bc4 bxc3 19. Nxc3 Ndb4 20. Qg6 Rh6
21. Qg4 Kb8 22. a3 Na6 23. Rhe1 Nc5 24. Qg3 e5 25. Nd5 Qf8 26. h4 Bc8 27. Nc3
Bf5 28. Bd5 Rg6 29. Ng5 Rc8 30. Re3 Qf6 31. Kd2 Nd4 32. f4 exf4 33. Qxf4 Rh6 34.
g3 Na4 35. Nxa4 Bc2 36. Nb6 Rc7 37. Rf1 Bg6 38. Qxf6 gxf6 39. Rxf6 Rc2+ 40. Ke1
Rc1+ 41. Kf2 Rc2+ 42. Kg1 Kc7 43. Nc4 Rc1+ 44. Rf1 Rc2 45. Nf7 Bxf7 46. Rxf7+
Kd8 47. Nb6 Rc1+ 48. Kg2 Rc2+ 49. Kh3 Ne6 50. Rd7+ Ke8 51. Bxe6 Rxe6 52. Rxe6+
Kf8 53. Rh6 Kg8 54. Rhh7 Rf2 55. Rhg7+ Kh8 56. h5 Rf5 57. g4 Rf3+ 58. Kh4 Rf6
59. Rge7 Kg8 60. Rd8+ Rf8 61. Rxf8+ Kxf8 62. Rd7 {Black resigns} 1-0

[Event "Team 45 45 League T34"]
[Site "Internet Chess Club"]
[Date "2007.08.14"]
[Round "4"]
[White "pchak87"]
[Black "Checkmates"]
[Result "1-0"]
[WhiteElo "2252"]
[BlackElo "2318"]
[Opening "Sicilian defense"]
[ECO "B20"]
[Time "15:38:13"]
[TimeControl "2700+45"]

1. e4 c5 2. b3 d6 3. Bb2 e5 4. Bc4 Nc6 5. Nc3 g6 6. Nge2 Bg7 7. O-O Nge7 8. f4
O-O 9. Nd5 Nxd5 10. Bxd5 Be6 11. fxe5 Bxd5 12. exd5 Nxe5 13. d4 Ng4 14. Qd2 Re8
15. c4 Bh6 16. Nf4 Nxh2 17. dxc5 Ng4 18. Qc3 Ne5 19. cxd6 Qxd6 20. Rae1 Bg7 21.
Kh1 g5 22. Nh5 Bh8 23. Rf5 Qg6 24. g4 f6 25. Qg3 Nxg4 26. Rxe8+ Rxe8 27. Qxg4
Re1+ 28. Kg2 Qe8 29. Nxf6+ Bxf6 30. Rxf6 Qe3 31. Qc8+ Qe8 32. Qxe8+ Rxe8 33. Re6
{Black resigns} 1-0

[Event "Team 45 45 League T34"]
[Site "Internet Chess Club"]
[Date "2007.08.10"]
[Round "4"]
[White "fozzy"]
[Black "kingcapture"]
[Result "0-1"]
[WhiteElo "2203"]
[BlackElo "2233"]
[Opening "King's Indian: Sämisch variation"]
[ECO "E80"]
[Time "15:58:49"]
[TimeControl "2700+45"]

1. d4 Nf6 2. c4 g6 3. f3 Bg7 4. e4 d6 5. Nc3 e5 6. d5 Nh5 7. Be3 O-O 8. Qd2 f5
9. exf5 gxf5 10. O-O-O Na6 11. Nge2 f4 12. Bf2 Bf5 13. Ne4 Bxe4 14. fxe4 Nf6 15.
Nc3 Ng4 16. Bg1 f3 17. Kb1 f2 {White resigns} 0-1

[Event "Team 45 45 League T34"]
[Site "Internet Chess Club"]
[Date "2007.08.11"]
[Round "4"]
[White "onslaught"]
[Black "samikd"]
[Result "1-0"]
[WhiteElo "2202"]
[BlackElo "2005"]
[Opening "Sicilian: dragon, Yugoslav attack, Rauser variation"]
[ECO "B76"]
[Time "15:07:23"]
[TimeControl "2700+45"]

1. e4 c5 2. Nf3 d6 3. d4 cxd4 4. Nxd4 Nf6 5. Nc3 g6 6. Be3 Bg7 7. f3 O-O 8. Qd2
Nc6 9. O-O-O Nxd4 10. Bxd4 Be6 11. Kb1 Qc7 12. h4 Rfc8 13. h5 Qa5 14. hxg6 fxg6
15. a3 a6 16. g4 b5 17. g5 Nh5 18. Bxg7 Nxg7 19. Bh3 Bxh3 20. Rxh3 Rab8 21. Rdh1
Rxc3 22. bxc3 Nh5 23. Qd5+ Kg7 24. Qe6 Rb7 25. Rxh5 gxh5 26. g6 Qxc3 27. Qf7+
Kh6 28. g7 {Black resigns} 1-0

[Event "Team 45 45 League T34"]
[Site "Internet Chess Club"]
[Date "2007.08.10"]
[Round "4"]
[White "mattman"]
[Black "HocusPocus"]
[Result "0-1"]
[WhiteElo "1829"]
[BlackElo "2177"]
[Opening "Ruy Lopez: ...b5 & ...d6"]
[ECO "C78"]
[Time "13:08:57"]
[TimeControl "2700+45"]

1. e4 e5 2. Nf3 Nc6 3. Bb5 a6 4. Ba4 Nf6 5. O-O b5 6. Bb3 d6 7. c3 Nxe4 8. Bd5
Bb7 9. Bxe4 d5 10. Bc2 e4 11. Re1 Be7 12. Nd4 Nxd4 13. cxd4 O-O 14. d3 f5 15.
dxe4 fxe4 16. Nc3 Bd6 17. Be3 b4 18. Ne2 Bc8 19. Bb3 c6 20. Qc2 Qe8 21. Rac1 Bd7
22. Ng3 Kh8 23. Qe2 Rf6 24. Qh5 Rg6 25. Bc2 Bg4 26. Qh4 Be7 27. Bg5 Bxg5 {White
resigns} 0-1

[Event "Team 45 45 League T34"]
[Site "Internet Chess Club"]
[Date "2007.08.13"]
[Round "4"]
[White "f5"]
[Black "k009ris"]
[Result "1/2-1/2"]
[WhiteElo "2257"]
[BlackElo "2291"]
[Opening "Pirc: Ufimtsev-Pytel variation"]
[ECO "B07"]
[Time "22:03:33"]
[TimeControl "2700+45"]

1. e4 d6 2. d4 Nf6 3. Nc3 c6 4. f4 d5 5. e5 Ng8 6. Bd3 g6 7. Nf3 h5 8. O-O Nh6
9. Be3 Nf5 10. Qd2 e6 11. Nd1 b6 12. Bf2 Ba6 13. Ne3 Bxd3 14. Qxd3 Be7 15. b3
Nd7 16. c4 Nxe3 17. Bxe3 Rc8 18. a4 O-O 19. Rfc1 dxc4 20. bxc4 Nc5 21. Qb1 Na6
22. Rd1 Nb4 23. Qe4 Qc7 24. h3 b5 25. axb5 cxb5 26. d5 exd5 27. cxd5 Qc2 28.
Qxc2 Nxc2 29. d6 Bd8 30. Rdc1 Rc4 31. Rxc2 Rxc2 32. Rxa7 Rc3 33. Bd4 Rc1+ 34.
Kh2 Rc4 35. Rb7 b4 36. e6 fxe6 37. Rg7+ Kh8 38. Rf7+ Kg8 39. Rg7+ Kh8 40. Rf7+
Kg8 41. Rg7+ Kh8 {Game drawn by repetition} 1/2-1/2

[Event "Team 45 45 League T34"]
[Site "Internet Chess Club"]
[Date "2007.08.10"]
[Round "4"]
[White "jorobo"]
[Black "gyoung"]
[Result "1/2-1/2"]
[WhiteElo "2123"]
[BlackElo "2214"]
[Opening "Dutch defense"]
[ECO "A87"]
[Time "00:31:13"]
[TimeControl "2700+45"]

1. d4 f5 2. g3 Nf6 3. Nf3 g6 4. Bg2 Bg7 5. O-O O-O 6. c4 d6 7. Nc3 Qe8 8. b3 e5
9. dxe5 dxe5 10. e4 f4 11. Nd5 Na6 12. Ba3 c5 13. Qc2 Nh5 14. Rad1 Bd7 15. Qd2
Bc6 16. Qa5 Nf6 17. Bxc5 Nxc5 18. Qxc5 Nxe4 19. Qa5 fxg3 20. fxg3 b6 21. Qe1
Bxd5 22. Rxd5 Nc5 23. Nxe5 Rxf1+ 24. Qxf1 Rc8 25. Bh3 Rd8 26. Qd1 Rxd5 27. Qxd5+
Kf8 28. Qd6+ Kg8 29. Qd5+ Kf8 30. Qd6+ Kg8 31. Qd5+ Kf8 32. Qd6+ Kg8 33. Qd5+
Kf8 34. Qd6+ Kg8 35. Qd5+ {Game drawn by repetition} 1/2-1/2

[Event "Team 45 45 League T34"]
[Site "Internet Chess Club"]
[Date "2007.08.12"]
[Round "4"]
[White "Zkid"]
[Black "KingDestroyer"]
[Result "1-0"]
[WhiteElo "2072"]
[BlackElo "2224"]
[Opening "Sicilian: Kan variation"]
[ECO "B41"]
[Time "23:32:26"]
[TimeControl "2700+45"]

1. e4 c5 2. Nf3 e6 3. d4 cxd4 4. Nxd4 a6 5. a4 Nf6 6. Bd3 Qc7 7. O-O h5 8. Nc3
Bc5 9. Nb3 Ng4 10. g3 Ba7 11. Be2 Nf6 12. Bf4 e5 13. Bg5 d6 14. Bxf6 gxf6 15.
Nd5 Qd8 16. Bxh5 f5 17. Qf3 Be6 18. g4 Nd7 19. exf5 Bxd5 20. Qxd5 Rh7 21. Qxd6
Qg5 22. Kh1 O-O-O 23. Rad1 Bb8 24. Qd2 Qh4 25. Qc3+ Bc7 26. Rd3 Rg8 27. Rh3 Qg5
28. Qe3 Qg7 29. Rg3 Nf6 30. Nd2 e4 31. Nxe4 Re8 32. f3 Bxg3 33. Qc3+ Kb8 34.
Nxf6 Be5 35. Nxe8 Bxc3 36. Nxg7 Bxg7 37. Bxf7 Be5 38. f4 {Black resigns} 1-0